 Dungeon Crawl Stone Soup version 0.29.1-1-gd02db6906a (webtiles) character file.

Game seed: 7793403532035068310

1371 Godmorgon the Destroyer (level 8, -5/41 HPs)
             Began as a Tengu Conjurer on Oct 12, 2022.
             Killed from afar by a steam dragon (19 damage)
             ... with a ball of steam
             ... on level 6 of the Dungeon.
             The game lasted 00:21:24 (6544 turns).

Godmorgon the Destroyer (Tengu Conjurer)            Turns: 6544, Time: 00:21:25

Health: -5/41      AC:  2    Str:  7    XL:     8   Next: 65%
Magic:  24/29      EV: 14    Int: 21    God:
Gold:   120        SH:  0    Dex: 13    Spells: 19/22 levels left

rFire   . . .      SeeInvis .   a - +2 whip (venom)
rCold   . . .      Faith    .   (no shield)
rNeg    . . .      Spirit   .   d - +0 robe
rPois   .          Reflect  .   (helmet restricted)
rElec   .          Harm     .   (no cloak)
rCorr   .          Rampage  .   (no gloves)
Will    .....                   (boots unavailable)
Stlth   ++........              m - amulet of magic regeneration
HPRegen 0.13/turn               u - ring of magical power
MPRegen 0.61/turn               q - ring of wizardry

@: flying quickly and evasively, quick
A: beak, talons 3, nimble flight
a: no special abilities


You were on level 6 of the Dungeon.
You visited 2 branches of the dungeon, and saw 7 of its levels.

You collected 265 gold pieces.
You spent 145 gold pieces at shops.

Inventory:

Hand Weapons
 a - a +2 whip of venom (weapon)
 s - a +0 falchion of electrocution
Missiles
 i - 3 datura-tipped darts
 w - 4 poisoned darts
Armour
 d - a +0 robe (worn)
Jewellery
 j - a ring of protection from cold
 m - an amulet of magic regeneration (around neck)
 q - a ring of wizardry (right hand)
 u - a ring of magical power (left hand)
Wands
 p - a wand of roots (9)
Scrolls
 c - 2 scrolls of magic mapping {unknown}
 e - 2 scrolls of immolation {unknown}
 g - 5 scrolls of teleportation {unknown}
 h - 2 scrolls of fog {unknown}
 o - 4 scrolls of identify {unknown}
 r - 3 scrolls of enchant weapon {unknown}
 t - a scroll of fear {unknown}
 v - a scroll of brand weapon {unknown}
Potions
 b - a potion of magic
 f - 3 potions of curing {unknown}
 k - a potion of berserk rage {unknown}
 l - a potion of attraction {unknown}
 n - a potion of lignification {unknown}


   Skills:
 - Level 2.1 Dodging
 - Level 2.0 Stealth
 + Level 7.6 Spellcasting
 - Level 10.0 Conjurations


You had 19 spell levels left.
You knew the following spells:

 Your Spells              Type           Power      Damage    Failure   Level
d - Magic Dart            Conj           100%       1d8       1%          1
s - Searing Ray           Conj           100%       2d8       1%          2

Your spell library contained the following spells:

 Spells                   Type           Power      Damage    Failure   Level
 Dazzling Flash           Conj/Hex       58%        N/A       1%          3
 Fulminant Prism          Conj/Hex       14%        3d9       4%          4
 Iskenderun's Mystic Bla  Conj/Tloc      29%        2d7       4%          4
 Portal Projectile        Hex/Tloc       16%        N/A       10%         3
 Tukima's Dance           Hex            8%         N/A       10%         3
 Blade Hands              Tmut           4%         N/A       63%         5


Dungeon Overview and Level Annotations

Branches:
Dungeon (6/15)             Temple (1/1) D:5

Altars:
Ashenzari
Cheibriados
Dithmenos
Elyvilon
Fedhas
Gozag
Hepliaklqana
Kikubaaqudgha
Makhleb
Nemelex Xobeh
Okawaru
Qazlal
Ru
Sif Muna
Trog
Uskayaw
Wu Jian
Xom
Zin
The Shining One

Shops:
D:1 *


Innate Abilities, Weirdness & Mutations

You have a beak for a mouth.
You have claws for feet.
Your magical nature lets you fly swiftly and evasively.


Message History

The wight moves out of view.
Casting: Searing Ray (safe; 1% risk of failure)
Confirm with . or Enter, or press ? or * to list all spells.
Aiming: Searing Ray (safe; 1% risk of failure)
Press: ? - help, Shift-Dir - straight line, f - steam dragon
Aim: a steam dragon (wandering, hasn't noticed you, 83% to hit)
The searing ray hits the steam dragon.
The steam dragon is lightly wounded.
The steam dragon hisses angrily. (Press . to maintain the ray.)
The searing ray hits the steam dragon.
The steam dragon is moderately wounded.
The searing ray hits the steam dragon.
The steam dragon is moderately wounded.
The searing ray hits the steam dragon but does no damage.
The steam dragon is moderately wounded.
You finish channelling your searing ray.
The steam dragon breathes steam at you. The ball of steam hits you.
Casting: Searing Ray (safe; 1% risk of failure)
Confirm with . or Enter, or press ? or * to list all spells.
Aiming: Searing Ray (safe; 1% risk of failure)
Press: ? - help, Shift-Dir - straight line, f/p - steam dragon
Aim: a steam dragon (moderately wounded, catching its breath, 83% to hit)
The searing ray hits the steam dragon.
The steam dragon is heavily wounded. (Press . to maintain the ray.)
You are engulfed in a cloud of scalding steam.
The steam dragon bites you. The steam dragon closely misses you.
The searing ray hits the steam dragon.
The steam dragon is severely wounded.
You are engulfed in a cloud of scalding steam.
The steam dragon bites you.
The steam dragon claws you but does no damage.
The searing ray hits the steam dragon.
The steam dragon is almost dead.
You are engulfed in a cloud of scalding steam.
The steam dragon breathes steam at you. The ball of steam hits you!!
You die...

.. ..# ##.. ... ..
.... #..##.##..##
......<..)...
..........#.#
..........#.#
......zz.§#.####
......D@§§#....#
.......?....## #####
.............#......
...........)<.#
...........)..#
#######............
##....)#####.
#.....). #/......#


You could see a steam dragon (catching breath) and 2 wights.

Vanquished Creatures
  An ice beast (D:5)
  A black bear (D:3)
  An ogre (D:4)
  A bullfrog (D:6)
  A kobold brigand (D:6)
  A necrophage (D:5)
  A gnoll sergeant (D:5)
  3 scorpions
  A howler monkey (D:4)
  3 orc priests
  5 iguanas
  2 orc wizards
  7 adders
  15 gnolls
  An ufetubus (D:4)
  3 worms
  A dart slug (D:1)
  20 orcs
  8 bats
  12 endoplasms
  4 giant cockroaches
  9 goblins
  9 hobgoblins
  2 jackals (D:1)
  17 kobolds
  7 quokkas
  2 ball pythons (D:2)
  7 frilled lizards
  6 rats
151 creatures vanquished.

Notes
Turn   | Place    | Note
-------+----------+-------------------------------------------
     0 | D:1      | Godmorgon the Tengu Conjurer began the quest for the Orb.
     0 | D:1      | Reached XP level 1. HP: 10/10 MP: 4/4
    76 | D:1      | Found Kihuah's Assorted Antiques.
   125 | D:1      | Reached XP level 2. HP: 14/15 MP: 3/6
   128 | D:1      | Learned a level 2 spell: Searing Ray
   435 | D:1      | You fall into a shaft and drop 1 floor!
   648 | D:2      | Reached XP level 3. HP: 19/19 MP: 8/8
   655 | D:2      | Found an opulent altar of Gozag.
  1140 | D:2      | Reached skill level 6 in Conjurations
  1207 | D:2      | Reached XP level 4. HP: 22/24 MP: 10/10
  1939 | D:2      | Gained mutation: Your magical nature lets you fly swiftly
                  | and evasively. [Tengu growth]
  1939 | D:2      | Reached XP level 5. HP: 28/28 MP: 3/11
  2759 | D:3      | Noticed a black bear
  3086 | D:3      | Killed a black bear
  3087 | D:3      | Reached skill level 5 in Spellcasting
  3087 | D:3      | Reached skill level 7 in Conjurations
  3087 | D:3      | Reached XP level 6. HP: 32/32 MP: 9/14
  3106 | D:3      | Found a shimmering altar of Xom.
  3369 | D:4      | Reached XP level 7. HP: 21/36 MP: 9/15
  3561 | D:4      | Reached skill level 8 in Conjurations
  4002 | D:4      | Reached skill level 9 in Conjurations
  4510 | D:4      | Found a snail-covered altar of Cheibriados.
  4553 | D:5      | Entered Level 5 of the Dungeon
  4738 | D:5      | Found a staircase to the Ecumenical Temple.
  4744 | Temple   | Entered the Ecumenical Temple
  4816 | D:5      | Found a broken altar of Ashenzari.
  4915 | D:1      | Bought an encrusted gilded ring for 145 gold pieces
  5273 | D:4      | Reached XP level 8. HP: 27/41 MP: 18/18
  5456 | D:5      | Reached skill level 10 in Conjurations
  6544 | D:6      | Killed from afar by a steam dragon

Illustrated notes

Levels and vault maps discovered:
D:1:      giann_forest_graveyard, layout_basic, serial_shops,
          nicolae_shop_waterfront
D:2:      layout_basic, basic_altar
D:3:      layout_rooms, mainiacjoe_overflow_brackets
D:4:      cheibrodos_pilgrimage, layout_rooms, mainiacjoe_overflow_alcove_2
D:5:      layout_loops_cross, evilmike_ruin_ashenzari, minmay_temple_entry_wispy
D:6:      layout_rooms, general_overflow_altar
Temple:   nicolae_temple_x_marks_the_god

Skill      XL: |  1  2  3  4  5  6  7  8 |
---------------+-------------------------+-----
Spellcasting   | 3 5 6 7 |  7.6
Conjurations   | 6 7 9 10 | 10.0
Dodging        | |  2.1
Stealth        | |  2.0

Action                   |  1- 3 |  4- 6 |  7- 9 || total
-------------------------+-------+-------+-------++-------
Melee: Unarmed           |     5 |       |       ||     5
       Kick              |     8 |    17 |       ||    25
       Peck              |     4 |    12 |       ||    16
       Whip              |    22 |    65 |     4 ||    91
       Dagger            |     1 |       |       ||     1
 Cast: Magic Dart        |    35 |     3 |    10 ||    48
       Searing Ray       |     5 |    26 |    51 ||    82
 Stab: Sleeping          |     1 |     7 |       ||     8
Armor: Robe              |     7 |    11 |     5 ||    23
Dodge: Dodged            |    19 |    32 |    43 ||    94
